 Dungeon Crawl Stone Soup version 0.32-a0-772-g33df2375a9 (webtiles) character file.

Game seed: 7788091812782174100

49 xBlu3print the Covered (level 3, -3/33 HPs)
             Began as a Mountain Dwarf Fighter on Mar 19, 2024.
             Slain by a goblin
             ... wielding a +0 dagger
             ... led by Robin
              (5 damage)
             ... on level 2 of the Dungeon.
             The game lasted 00:03:57 (1044 turns).

xBlu3print the Covered (Mountain Dwarf Fighter)     Turns: 1044, Time: 00:04:01

Health: -3/33      AC:  9    Str: 20    XL:     3   Next: 53%
Magic:  3/3        EV:  6    Int:  8    God:
Gold:   74         SH:  4    Dex:  9    Spells: 2/2 levels left

rFire   . . .        a - +0 flail
rCold   . . .        c - +0 buckler
rNeg    . . .        m - +0 chain mail
rPois   .            (no helmet)
rElec   .            (no cloak)
rCorr   .            (no gloves)
SInv    .            (no boots)
Will    .....        (no amulet) Stlth
                     (no ring)
HPRegen 0.25/turn    (no ring)
MPRegen 0.08/turn

%: no passive effects
@: mighty, lethally poisoned (-3 -> -21)
A: runic magic, artefact enchanting
a: no special abilities


You were on level 2 of the Dungeon.
You visited 1 branch of the dungeon, and saw 2 of its levels.

You collected 74 gold pieces.

Inventory:

Hand Weapons
 a - a +0 flail (weapon)
Missiles
 j - 5 poisoned darts (quivered)
Armour
 c - a +0 buckler (worn)
 m - a +0 chain mail (worn)
Scrolls
 b - a scroll of immolation {unknown}
 e - 2 scrolls of silence {unknown}
 g - a scroll of brand weapon {unknown}
 i - a scroll of fog {unknown}
 l - 2 scrolls of identify {unknown}
Potions
 f - 2 potions of invisibility {unknown}
 h - a potion of curing {unknown}
 k - a potion of heal wounds {unknown}


   Skills:
 + Level 3.8 Fighting
 + Level 3.2 Maces & Flails
 + Level 3.9 Armour
 + Level 3.6 Shields


You had 2 spell levels left.
You didn't know any spells.
Your spell library contained the following spells:

 Spells                   Type           Power      Damage    Failure   Level
 Sublimation of Blood     Necr           0%         N/A       80%         2
 Petrify                  Alch/Erth      0%         N/A       100%        4
 Irradiate                Conj/Alch      0%         3d11      100%        5


Dungeon Overview and Level Annotations

Branches:
Dungeon (2/15)

Altars:

Annotations:
D:2 Robin


Innate Abilities, Weirdness & Mutations

Your spellcasting is much less encumbered by armour.
You can use scrolls of enchantment on lesser artefacts.


Message History

You block the goblin's attack. The adder barely misses you.
The goblin barely misses you.
The goblin hits you but does no damage. x2
You thump the goblin!
You kill the goblin!
You feel sick.
The goblin no longer looks unusually strong.
The adder bites you but does no damage. The goblin closely misses you.
The goblin hits you with a +0 dagger.
Robin roars a battlecry!
The goblin goes into a battle-frenzy!
You block the adder's attack.
You sock the goblin!
You kill the goblin!
You feel sick. The goblin barely misses you. The adder completely misses you.
You block Robin's attack. The goblin hits you but does no damage.
You feel sick.
You are no longer poisoned.
Robin throws the goblin at you! The goblin hits you but does no damage.
The adder bites you but does no damage. The goblin hits you but does no damage.
You see here a +0 dagger.
You barely miss the goblin. The goblin hits you with a +0 dagger.
* * * LOW HITPOINT WARNING * * *
The adder closely misses you. The goblin hits you but does no damage.
Robin throws the goblin at you! The goblin barely misses you.
The adder bites you.
* * * LOW HITPOINT WARNING * * *
You thump the adder!
You kill the adder!
The goblin barely misses you.
Robin hits you with a +0 short sword of venom.
* * * LOW HITPOINT WARNING * * *
You are lethally poisoned!
The goblin barely misses you.
You closely miss Robin.
* * * LOW HITPOINT WARNING * * *
You feel very sick. The goblin hits you but does no damage.
Robin hits you but does no damage.
You are more poisoned.
The goblin hits you with a +0 dagger.
You die...

#.######.#.#######.###
#........ .## #...# ...#
#)###..## ## #..### #...#
#.#...... #.#####
#...#####)#.#..## ... ...#
#.........#.#...# #...
#.#####.>.#####.......#
#...###..............)#.###.#
#..........g............# .#
#....†@g........###
...g....#####g#.#####.#
...$##### ##.###.....<# ..
#.## ##.##### ##.###.##
##.#.## ##.## #.# #.#


You could see Robin and 2 goblins.

Vanquished Creatures
  An adder (D:2)
  2 bats
  4 endoplasms
  A giant cockroach (D:1)
  9 goblins
  6 hobgoblins
  3 kobolds
  A quokka (D:1)
  A ball python (D:1)
  A frilled lizard (D:2)
  5 rats
34 creatures vanquished.

Notes
Turn   | Place    | Note
-------+----------+-------------------------------------------
     0 | D:1      | xBlu3print the Mountain Dwarf Fighter began the quest for
                  | the Orb.
     0 | D:1      | Reached XP level 1. HP: 19/19 MP: 1/1
   305 | D:1      | Reached XP level 2. HP: 26/26 MP: 2/2
   981 | D:2      | Reached XP level 3. HP: 29/33 MP: 3/3
  1015 | D:2      | Noticed Robin
  1044 | D:2      | Slain by a goblin

Illustrated notes

Levels and vault maps discovered:
D:1:      reono_arrival_mine, layout_loops_ring, st_stairs_11
D:2:      layout_loops_cross, minmay_misc_feat_x, uniq_robin

Skill      XL: |  1  2 |
---------------+-------+-----
Maces & Flails | 3 |  3.2
Fighting       | |  3.8
Armour         | |  3.9
Shields        | |  3.6

Action                     || total
---------------------------++-------
  Melee: Flail             ||    84
    Use: Potion            ||     1
 Armour: Scale mail        ||    38
         Chain mail        ||    81
  Dodge: Dodged            ||    48
  Block: Buckler           ||    31

Table legend: (Time is in decaauts)
 A = Elapsed time spent in this place.
 B = Non-inter-level travel time spent in this place.
 C = Inter-level travel time spent in this place.
 D = Time resting spent in this place.
 E = Time spent auto-exploring this place.
 F = Levels seen in this place.
 G = Mean time per level.
                   A        B        C        D        E       F      G
               +--------+--------+--------+--------+--------+-----+--------+
         Total |   1067 |   1067 |      0 |      0 |    641 |   2 |  533.5 |
       Dungeon |   1067 |   1067 |      0 |      0 |    641 |   2 |  533.5 |
               +--------+--------+--------+--------+--------+-----+--------+

Top non-repeatable levels by time:
     D:1: 852 daAuts
     D:2: 215 daAuts
